Map: Defender's Landing LE

Players

nulliFied - Winner!

  • Race: Zerg Zerg
  • League: Diamond
  • Spawn Location: 7:00

JeeKinG

  • Race: Terran Terran
  • League: Master
  • Spawn Location: 1:00

VOD

Have the link to the VOD?

Description

Time

  • Played on: May 8, 2017, 10:41 a.m.
  • Length: 10:34
Show
View Real Time Build Order
Export as new Build Order

nulliFied Zerg - Winner!

Build Orders: Pool First 

Get SALT Encoding   

  12  0:01  Drone  
  13  0:13  Overlord  
  13  0:18  Drone  
  14  0:31  Drone x2  
  14  0:35  Drone  
  17  0:58  Spawning Pool  
  16  1:12  Drone x3  
  19  1:29  Extractor, Overlord  
  18  1:48  Zergling x4  
  18  1:53  Queen  
  22  2:01  Zergling x2  
  23  2:05  Hatchery  
  22  2:11  Zergling x2  
  23  2:22  Zergling x2  
  22  2:31  Zergling x2  
  22  2:35  Queen  
  22  2:36  Metabolic Boost  
  25  2:39  Zergling x2  
  26  2:52  Zergling x2  
  26  3:05  Overlord  
  25  3:06  Overlord  
  25  3:17  Queen  
  25  3:19  Drone  
  28  3:24  Zergling x4  
  28  3:25  Zergling x2  
  31  3:31  Zergling x4  
  28  3:44  Zergling x4  
  28  3:49  Spine Crawler  
  28  3:53  Zergling x4  
  28  3:54  Zergling x4  
  25  4:15  Drone x2  
  25  4:16  Zergling x2  
  25  4:17  Zergling x2  
  23  4:31  Zergling x4  
  23  4:45  Zergling x8  
  25  4:52  Zergling x2  
  26  4:54  Zergling x2  
  26  5:02  Zergling x4  
  28  5:12  Overlord  
  24  5:32  Zergling x4  
  24  5:33  Zergling x4  
  25  5:42  Spine Crawler  
  24  5:45  Baneling Nest  
  24  5:49  Zergling x2  
  22  6:09  Zergling x10  
  25  6:25  Zergling x4  
  27  6:30  Queen  
  27  6:33  Baneling x3  
  27  6:41  Zergling x2  
  28  6:53  Baneling  
  28  6:54  Baneling x3  
  28  6:58  Drone x2  
  30  7:06  Baneling x3  
  29  7:22  Zergling x2  
  27  7:23  Zergling x2  
  27  7:25  Zergling x2  
  28  7:35  Zergling x2  
  25  7:52  Zergling x2  
  26  8:00  Zergling x2, Baneling x2  
  27  8:26  Drone x4  
  27  8:27  Drone  
  29  8:37  Hatchery  
  28  8:54  Zergling x4  
  30  9:00  Spine Crawler  
  30  9:01  Spine Crawler  
  28  9:03  Overlord  
  28  9:09  Zergling x4  
  30  9:10  Overlord  
  30  9:13  Baneling  
  30  9:14  Baneling x2  
  30  9:15  Baneling  
  29  9:43  Drone x3  
  30  9:55  Drone x2  
  30  9:58  Extractor  
  31  10:18  Hatchery  
Show
View Real Time Build Order
Export as new Build Order

JeeKinG Terran 

Build Orders:  

Get SALT Encoding   

  12  0:00  SCV  
  13  0:13  SCV  
  14  0:20  Supply Depot  
  14  0:25  SCV  
  15  0:42  Barracks  
  15  0:54  Barracks  
  15  1:11  Barracks  
  15  1:34  Marine  
  15  1:52  Marine  
  16  1:59  Orbital Command  
  16  2:08  Supply Depot  
  16  2:10  Marine  
  17  2:24  Marine x2  
  17  2:28  Barracks, Marine  
  19  2:42  Marine x2  
  21  2:46  Marine  
  21  2:49  Supply Depot  
  22  3:00  Marine x2  
  22  3:03  Marine  
  20  3:16  Marine  
  20  3:18  Marine x2  
  23  3:21  Marine  
  23  3:34  Marine  
  23  3:35  Marine  
  23  3:36  Marine  
  23  3:39  Marine  
  27  3:52  Marine  
  27  3:53  Marine x2  
  30  3:57  Marine  
  27  4:10  Marine  
  27  4:11  Marine x2  
  27  4:15  Marine  
  21  4:27  Marine  
  21  4:29  Marine x2  
  23  4:32  Marine  
  23  4:45  Marine  
  23  4:47  Marine x2  
  23  4:50  Marine  
  27  5:03  Marine  
  27  5:04  Marine  
  27  5:05  Supply Depot, Marine  
  30  5:08  Marine  
  31  5:21  Marine  
  30  5:22  Marine x2  
  30  5:26  Marine  
  24  5:39  Marine  
  24  5:40  Marine x2  
  27  5:44  Marine  
  28  5:57  Marine  
  26  5:58  Marine x2  
  26  6:02  Marine  
  23  6:14  Marine  
  23  6:16  Marine x2  
  24  6:19  Marine  
  23  6:32  Marine  
  24  6:34  Marine x2  
  24  6:37  Marine  
  27  6:50  Marine  
  27  6:51  Marine x2  
  30  6:55  Marine  
  31  7:08  Marine  
  32  7:09  Marine x2  
  32  7:13  Marine  
  22  7:26  Marine  
  22  7:27  Marine x2  
  23  7:31  Marine  
  23  7:43  Marine  
  16  7:45  Marine x2  
  16  7:48  Marine  
  16  8:01  Marine  
  16  8:03  Marine x2  
  19  8:06  Marine  
  20  8:19  Marine  
  12  8:20  Marine  
  12  8:21  Marine  
  12  8:24  Marine  
  8  8:37  Marine  
  8  8:38  Marine x2  
Tags
 
Add a new tag
Caveats
  • Supply blocks, unpowered buildings, or Contaminate may cause inaccurate times.
  • Supply counts are checked every 10 seconds.